 Dungeon Crawl Stone Soup version 0.29.1-15-g9cfb28693d (webtiles) character file.

Game seed: 2289991755975162131

12348 ShadowPriest the Basher (level 11, 0/97 HPs)
             Began as a Hill Orc Fighter on May 18, 2023.
             Slain by a 13-headed hydra (2 damage)
             ... on level 2 of the Lair of Beasts.
             The game lasted 01:10:55 (10051 turns).

ShadowPriest the Basher (Hill Orc Fighter)         Turns: 10051, Time: 01:10:57

Health: 0/97       AC: 26    Str: 22    XL:     11   Next: 92%
Magic:  0/11       EV: 13    Int:  8    God:
Gold:   375        SH:  6    Dex: 12    Spells: 10/10 levels left

rFire   + + .      SeeInvis .   P - +2 broad axe (vorpal)
rCold   . . .      Faith    .   c - +0 buckler
rNeg    . . .      Spirit   +   N - +1 chain mail {Will+}
rPois   +          Reflect  .   H - +2 helmet of the Shrike {rPois rF++ Stlth+}
rElec   .          Harm     .   f - +0 cloak
rCorr   .          Rampage  .   U - +2 pair of gloves
Will    +....                   Q - +0 pair of boots
Stlth   ..........              C - amulet of guardian spirit
HPRegen 0.26/turn               g - +4 ring of evasion
MPRegen 0.12/turn               k - +4 ring of protection

@: about to teleport, studying Dodging
A: no striking features
a: no special abilities


You were on level 2 of the Lair of Beasts.
You visited 3 branches of the dungeon, and saw 11 of its levels.

You collected 513 gold pieces.
You spent 138 gold pieces at shops.

Inventory:

Hand Weapons
 a - a +0 war axe
 s - a +0 hand axe of distortion
 w - the +6 whip of Sharkskin {elec, rN+ Will+ Int+4 Dex+2}
   (You found it on level 4 of the Dungeon)

   It occasionally discharges a powerful burst of electricity upon striking a
   foe.
   Int:       It affects your intelligence (+4).
   Dex:       It affects your dexterity (+2).
   rN:        It protects you from negative energy.
   Will:      It increases your willpower.
 P - a +2 vorpal broad axe (weapon)
 X - a +1 vampiric glaive
Missiles
 M - a throwing net
Armour
 b - a +0 scale mail
 c - a +0 buckler (worn)
 f - a +0 cloak (worn)
 i - a +0 ring mail
 y - a +0 chain mail
 H - the +2 helmet of the Shrike (worn) {rPois rF++ Stlth+}
   (You found it on level 6 of the Dungeon)

   rF:        It greatly protects you from fire.
   rPois:     It protects you from poison.
   Stlth:     It makes you more stealthy.
 N - a +1 chain mail of willpower (worn)
 Q - a +0 pair of boots (worn)
 U - a +2 pair of gloves (worn)
Magical Staves
 q - a staff of conjuration
Jewellery
 g - a +4 ring of evasion (left hand)
 h - a ring of positive energy
 k - a +4 ring of protection (right hand)
 p - a +6 ring of dexterity
 r - a ring of see invisible
 C - an amulet of guardian spirit (around neck)
 E - a +6 ring of intelligence
 I - a ring of ice
 K - an amulet of magic regeneration
Wands
 t - a wand of iceblast (23)
 G - a wand of digging (4)
 S - a wand of charming (3)
 T - a wand of flame (12)
Scrolls
 j - 4 scrolls of amnesia
 m - 5 scrolls of teleportation
 o - 3 scrolls of butterflies
 z - 4 scrolls of blinking
 J - 4 scrolls of magic mapping
 R - 2 scrolls of poison {unknown}
 V - a scroll of silence
 W - 3 scrolls of identify
Potions
 d - a potion of might
 e - 7 potions of curing
 l - 2 potions of resistance
 n - 4 potions of lignification
 u - a potion of flight
 v - 2 potions of cancellation
 x - a potion of degeneration
 A - 2 potions of haste
 B - 3 potions of berserk rage
 D - 2 potions of ambrosia {unknown}
 F - a potion of brilliance {unknown}
 L - 2 potions of attraction {unknown}
 O - a potion of mutation {unknown}


   Skills:
 + Level 9.6 Fighting
 + Level 7.3(11.5) Axes
 + Level 11.7(12.3) Maces & Flails
 + Level 9.8 Armour
 + Level 4.6 Dodging
 + Level 1.9 Stealth
 + Level 8.5 Shields


You had 10 spell levels left.
You didn't know any spells.
Your spell library contained the following spells:

 Spells                   Type           Power      Damage    Failure   Level
 Sandblast                Erth           0%         2d4       97%         1
 Blink                    Tloc           0%         N/A       99%         2
 Passwall                 Tmut/Erth      0%         N/A       99%         2
 Ignite Poison            Fire/Tmut/Pois 0%         N/A       100%        3
 Lesser Beckoning         Tloc           0%         N/A       100%        3
 Mephitic Cloud           Conj/Pois/Air  0%         N/A       100%        3
 Stone Arrow              Conj/Erth      0%         3d7       100%        3
 Freezing Cloud           Conj/Ice/Air   0%         6-21      100%        5
 Manifold Assault         Tloc           0%         N/A       100%        5


Dungeon Overview and Level Annotations

Branches:
Dungeon (8/15)             Temple (1/1) D:6            Lair (2/5) D:8
  Swamp: Lair:2-3    Shoals: Lair:2-3     Snake: Lair:2-3    Spider: Lair:2-3

Altars:
Ashenzari
Cheibriados
Elyvilon
Fedhas
Gozag
Hepliaklqana
Kikubaaqudgha
Makhleb
Okawaru
Qazlal
Ru
Sif Muna
Trog
Uskayaw
Vehumet
Wu Jian
Yredelemnul
The Shining One

Shops:
D:2 ?*   D:7 (


Message History

The 13-headed hydra barely misses you.
The 13-headed hydra bites you but does no damage. x3
You feel better. The 13-headed hydra barely misses you.
The 13-headed hydra bites you. You block the 13-headed hydra's attack.
The 13-headed hydra bites you but does no damage.
The 13-headed hydra bites you.
The 13-headed hydra bites you but does no damage.
The 13-headed hydra bites you.
The 13-headed hydra bites you but does no damage. x2
The 13-headed hydra bites you. The 13-headed hydra misses you.
The 13-headed hydra barely misses you. You block the 13-headed hydra's attack.
As you read the scroll of teleportation, it crumbles to dust.
You feel strangely unstable.
The 13-headed hydra bites you but does no damage.
The 13-headed hydra bites you!
* * * LOW HITPOINT WARNING * * *
The 13-headed hydra bites you.
* * * LOW HITPOINT WARNING * * *
The 13-headed hydra bites you but does no damage.
The 13-headed hydra barely misses you. The 13-headed hydra closely misses you.
The 13-headed hydra bites you!
* * * LOW HITPOINT WARNING * * *
The 13-headed hydra bites you but does no damage.
The 13-headed hydra barely misses you.
The 13-headed hydra bites you but does no damage.
The 13-headed hydra closely misses you. x2; The 13-headed hydra bites you.
* * * LOW HITPOINT WARNING * * *
The 13-headed hydra attacks as you move away!
You block the 13-headed hydra's attack. x2
The 13-headed hydra bites you but does no damage.
The 13-headed hydra bites you.
* * * LOW HITPOINT WARNING * * *
The 13-headed hydra bites you but does no damage. x2
The 13-headed hydra closely misses you.
The 13-headed hydra bites you but does no damage.
The 13-headed hydra closely misses you.
The 13-headed hydra completely misses you.
The 13-headed hydra bites you but does no damage.
The 13-headed hydra bites you.
You die...

...................###+#
..............>.........
........................
........................
.#....##...###..........
.#....##..## #..........
#.....##.## #...###.#.P
##...##... +...# #
##....#♣.. #..@#
#.......♣♣♣ ♣♣.D♣
##...##.♣ ~~... #...###♣
~~~~~≈♣♣
#...#P♣♣≈~≈~~~~♣♣
##......♣♣≈~~≈..
.........♣♣♣♣§..
........♣ §..♣ .......♣♣


You could see a 13-headed hydra.

Vanquished Creatures
  A boulder beetle (Lair:1)
  An oklob plant (Lair:2)
  A cyclops (D:8)
  3 black mambas
  Maggie (D:8)
  A cane toad (Lair:1)
  A rime drake (Lair:1)
  3 komodo dragons (Lair:2)
  Grinder (D:6)
  Prince Ribbit (D:8)
  A polar bear (Lair:1)
  5 blink frogs (Lair:1)
  9 yaks (D:8)
  3 wyverns
  A basilisk (D:8)
  Grum (D:7)
  2 steam dragons
  Menkaure (D:6)
  8 water moccasins
  3 sky beasts
  3 orc warriors
  4 ice beasts
  2 ogres
  A black bear (Lair:1)
  2 centaurs (D:8)
  2 wolves (D:7)
  A phantom (D:4)
  A kobold brigand (D:7)
  6 bullfrogs
  A necrophage (D:8)
  A scorpion (D:3)
  A gnoll sergeant (D:7)
  An electric eel (Lair:1)
  4 jellies
  2 gnoll boudas (D:7)
  13 hounds
  6 iguanas
  7 orc wizards
  A mummy (D:5)
  Robin (D:2)
  12 adders
  25 gnolls
  A shadow imp (D:5)
  An ufetubus (D:5)
  5 worms
  31 orcs
  6 ball pythons
  9 endoplasms
  5 giant cockroaches
  10 goblins
  9 hobgoblins
  10 jackals
  6 kobolds
  3 quokkas (D:4)
  8 bats
  A frilled lizard (D:1)
  A rat (D:3)
251 creatures vanquished.

Vanquished Creatures (others)
  An orc wizard (D:5)
  13 fungi
  34 plants
48 creatures vanquished.

Grand Total: 299 creatures vanquished

Notes
Turn   | Place    | Note
-------+----------+-------------------------------------------
     0 | D:1      | ShadowPriest the Hill Orc Fighter began the quest for the
                  | Orb.
     0 | D:1      | Reached XP level 1. HP: 19/19 MP: 1/1
   445 | D:1      | Reached XP level 2. HP: 27/27 MP: 2/2
   910 | D:2      | Reached XP level 3. HP: 32/33 MP: 3/3
  1021 | D:2      | Found Warafef's Magic Scroll Shop.
  1176 | D:2      | Found Farec's Assorted Antiques.
  1204 | D:2      | Noticed Robin
  1217 | D:2      | Killed Robin
  1218 | D:2      | Reached XP level 4. HP: 40/40 MP: 4/4
  1544 | D:2      | Reached skill level 5 in Axes
  1620 | D:3      | Reached XP level 5. HP: 47/47 MP: 5/5
  1851 | D:3      | Noticed an ogre
  2093 | D:3      | Found a faded altar of an unknown god.
  2124 | D:3      | Found a radiant altar of Vehumet.
  2164 | D:3      | Reached skill level 1 in Dodging
  2283 | D:3      | Found a stormy altar of Qazlal.
  2448 | D:3      | Reached XP level 6. HP: 53/53 MP: 6/6
  2685 | D:2      | Bought a glowing hand axe for 138 gold pieces
  3426 | D:4      | Identified the +6 whip of Sharkskin {elec, rN+ Will+ Int+4
                  | Dex+2}
  3559 | D:4      | Reached XP level 7. HP: 23/60 MP: 7/7
  3989 | D:5      | Entered Level 5 of the Dungeon
  4405 | D:5      | Found a glowing golden altar of the Shining One.
  4560 | D:5      | Reached skill level 5 in Armour
  4586 | D:5      | Reached skill level 1 in Maces & Flails
  4896 | D:5      | Found a snail-covered altar of Cheibriados.
  5001 | D:5      | Reached skill level 2 in Maces & Flails
  5029 | D:5      | Reached skill level 5 in Fighting
  5055 | D:5      | Reached XP level 8. HP: 65/68 MP: 8/8
  5483 | D:6      | Found a blossoming altar of Fedhas.
  5549 | D:6      | Reached skill level 3 in Maces & Flails
  5833 | D:6      | Reached skill level 4 in Maces & Flails
  5833 | D:6      | Reached skill level 1 in Stealth
  5991 | D:6      | Identified the +2 helmet of the Shrike {rPois rF++ Stlth+}
  6116 | D:6      | Found a staircase to the Ecumenical Temple.
  6125 | Temple   | Entered the Ecumenical Temple
  6234 | D:6      | Noticed Menkaure
  6244 | D:6      | Killed Menkaure
  6245 | D:6      | Reached skill level 5 in Maces & Flails
  6383 | D:6      | Noticed Grinder
  6410 | D:6      | Killed Grinder
  6411 | D:6      | Reached XP level 9. HP: 65/75 MP: 7/9
  6427 | D:6      | Reached skill level 5 in Shields
  6572 | D:7      | Reached skill level 6 in Maces & Flails
  6799 | D:7      | Found Kuhahe Camy's Weapon Shoppe.
  6822 | D:7      | Reached skill level 7 in Maces & Flails
  7604 | D:7      | Noticed Grum
  7610 | D:7      | Killed Grum
  7611 | D:7      | Reached XP level 10. HP: 86/86 MP: 10/10
  7654 | D:7      | Reached skill level 8 in Maces & Flails
  8023 | D:8      | Noticed Maggie
  8036 | D:8      | Killed Maggie
  8084 | D:8      | Noticed a cyclops
  8171 | D:8      | Found an opulent altar of Gozag.
  8328 | D:8      | Found an ancient bone altar of Kikubaaqudgha.
  8501 | D:8      | Found a staircase to the Lair.
  8505 | D:8      | Killed a cyclops
  8506 | D:8      | Reached skill level 9 in Maces & Flails
  8544 | D:8      | Reached skill level 10 in Maces & Flails
  8581 | D:8      | Reached XP level 11. HP: 73/95 MP: 11/11
  8736 | D:8      | Noticed Prince Ribbit
  8749 | D:8      | Killed Prince Ribbit
  8851 | Lair:1   | Entered Level 1 of the Lair of Beasts
  8955 | Lair:1   | Found a bloodstained altar of Trog.
  9271 | Lair:1   | Noticed a boulder beetle
  9287 | Lair:1   | Killed a boulder beetle
  9288 | Lair:1   | Reached skill level 11 in Maces & Flails
  9875 | Lair:2   | Noticed an oklob plant
  9894 | Lair:2   | Killed an oklob plant
 10039 | Lair:2   | Noticed a seven-headed hydra
 10050 | Lair:2   | HP: 4/97 [13-headed hydra (5)]
 10051 | Lair:2   | Slain by a 13-headed hydra

Illustrated notes

Levels and vault maps discovered:
D:1:      wander_arrival_fairy_ring, layout_basic, serial_park_tiny_2
D:2:      layout_basic, serial_shops, shop, shop, grunt_decor_junction,
          minmay_misc_feat_encased, uniq_robin
D:3:      layout_loops_corners, nicolae_qazlal_eye_of_the_storm,
          mainiacjoe_overflow_catwalk,
          dreamdust_ecumenical_altar_angels_and_demons,
          hangedman_abyss_or_decor_stabs, lightli_corner_chamber
D:4:      layout_cave_pools, nrook_mini_backslash
D:5:      layout_loops_corners, tso_altar, slow_altar_1,
          minmay_misc_feat_plants, dk_noncrumbling_2, minivault_1
D:6:      layout_cave_pools, fedhas_ov_isle_minmay, minmay_temple_entry_hall,
          uniq_grinder, uniq_menkaure
D:7:      layout_cave_pools, serial_shops, nicolae_square_shop,
          serial_gnoll_camp, gnoll_camp_mini_loothouse, gnoll_camp_medium_02,
          gnoll_camp_mini_doghouse, grums_kennel, gnoll_camp_mini_hut,
          gnoll_camp_mini_hut, minivault_4
D:8:      layout_loops_ring, grunt_gozag_statues,
          nicolae_kikubaaqudgha_miasma_corner, minmay_lair_entry_grove,
          minmay_manual_moon, uniq_prince_ribbit1, uniq_maggie
Temple:   eino_temple_lava
Lair:1:   layout_misc_corridors, basic_altar, infiniplex_staircase_pool
Lair:2:   layout_regular_city, palyth_hydra_swamp_entry, dummy_snake_entry

Skill      XL: |  1  2  3  4  5  6  7  8  9 10 11 |
---------------+----------------------------------+-----
Axes           | 3 4 5 6 7 |  7.3
Fighting       | 4 5 6 7 8 9 |  9.6
Armour         | 4 5 6 7 8 9 |  9.8
Dodging        | 1 2 3 4 |  4.6
Maces & Flails | 2 5 7 10 11 | 11.7
Shields        | 4 6 7 8 |  8.5
Stealth        | 1 |  1.9

Action                   |  1- 3 |  4- 6 |  7- 9 | 10-12 || total
-------------------------+-------+-------+-------+-------++-------
Melee: War axe           |    78 |   135 |       |       ||   213
       Whip              |       |    32 |   403 |   315 ||   750
       Broad axe         |       |       |       |    30 ||    30
  Use: Scroll            |     2 |     5 |    11 |     5 ||    23
       Potion            |       |     1 |     4 |     3 ||     8
Armor: Scale mail        |    46 |    65 |    66 |       ||   177
       Chain mail        |       |       |   111 |   164 ||   275
Dodge: Dodged            |    50 |   107 |   254 |   157 ||   568
Block: Buckler           |    17 |    39 |   108 |    78 ||   242
